 Dungeon Crawl Stone Soup version 0.29.0-4-gdea44cf6ec (webtiles) character file.

Game seed: 18126945338638863723

18209 qw the Brawler (level 12, -7/118 HPs)
             Began as a Troll Cinder Acolyte on Sept 1, 2022.
             Was a Believer of Okawaru.
             Mangled by a fire elemental (13 damage)
             ... created by the fiery vengeance of Ignis
             ... on level 4 of the Lair of Beasts.
             The game lasted 00:05:59 (10663 turns).

qw the Brawler (Troll Cinder Acolyte)              Turns: 10663, Time: 00:06:00

Health: -7/118     AC:  9    Str: 29    XL:     12   Next: 25%
Magic:  12/14      EV: 10    Int: 10    God:    Okawaru [**....]
Gold:   546        SH:  0    Dex:  5    Spells: 13/13 levels left

rFire   . . .      SeeInvis .     - Unarmed
rCold   . . .      Faith    .   (no shield)
rNeg    . . .      Spirit   .   c - +1 robe {Will+}
rPois   .          Reflect  .   (helmet restricted)
rElec   .          Harm     .   l - scarf {repulsion}
rCorr   .          Rampage  .   (gloves unavailable)
Will    ++...                   (boots unavailable)
Stlth   ++........              (no amulet)
HPRegen 1.09/turn               h - +4 ring of protection
MPRegen 0.14/turn               a - ring of protection from fire

@: heroic, repel missiles, fire susceptible
A: large, unfitting armour, claws 3, regeneration 1, shaggy fur 1, tough skin 1,
strong-willed 1
a: Renounce Religion, Heroism


You were on level 4 of the Lair of Beasts.
You worshipped Okawaru.
Okawaru was pleased with you.
You visited 3 branches of the dungeon, and saw 13 of its levels.

You collected 630 gold pieces.
You spent 84 gold pieces at shops.


Innate Abilities, Weirdness & Mutations

You are too large for most types of armour.
You have claws for hands.
Your natural rate of healing is unusually fast.
You are covered in fur. (AC +1)
You have tough skin. (AC +1)
You are strong-willed. (Will+)


   Skills:
 - Level 7.1(12.1) Fighting
 + Level 4.7(9.7) Throwing
 - Level 2.0(7.0) Dodging
 - Level 17.1(22.1) Unarmed Combat
 - Level 1.0 Spellcasting
 - Level 2.1 Fire Magic
 - Level 4.0 Invocations


You had 13 spell levels left.
You didn't know any spells.
Your spell library contained the following spells:

 Spells                   Type           Power      Damage    Failure   Level
 Scorch                   Fire           8%         2d5       22%         2

Inventory:

Missiles
 j - 13 boomerangs
 m - a javelin (quivered)
Armour
 c - a +1 robe of willpower (worn)
 k - a +1 cloak
 l - a scarf of repulsion (worn)
 o - the +2 robe of the Fiddle {Harm Regen+ Dex-2 Archmagi}
   (You found it on level 1 of the Lair of Beasts)

   Dex:       It affects your dexterity (-2).
   Regen:     It increases your rate of health regeneration.
   Harm:      It increases damage dealt and taken.
   Archmagi:  It increases the power of your magical spells.
Jewellery
 a - a ring of protection from fire (right claw)
 g - a ring of ice
 h - a +4 ring of protection (left claw)
Scrolls
 f - 6 scrolls of identify
 n - a scroll of blinking {unknown}
 Y - 2 scrolls of enchant weapon
Potions
 b - 2 potions of might
 d - 4 potions of mutation
 e - 3 potions of haste
 i - 6 potions of curing

Dungeon Overview and Level Annotations

Branches:
Dungeon (8/15)             Temple (1/1) D:4            Lair (4/5) D:8
  Swamp (0/4) Lair:2       Spider (0/4) Lair:2        Slime (0/5) Lair:4

Altars:
Cheibriados
Dithmenos
Elyvilon
Fedhas
Gozag
Hepliaklqana
Nemelex Xobeh
Okawaru
Qazlal
Ru
Trog
Uskayaw
Vehumet
Yredelemnul

Shops:
D:1 :   D:3 !

Annotations:
Lair:4 2 transporters, qw's ghost, journeyman TrCA


Message History

10654 ||| INVOKING Heroism.
You gain the combat prowess of a mighty hero.
The fire elemental hits you. The fire elemental burns you!
The fire elemental hits you. The fire elemental burns you!
The fire elemental closely misses you.
You closely miss the fire elemental.
The fire elemental is almost destroyed.
The fire elemental barely misses you. The fire elemental hits you.
The fire elemental burns you! The fire elemental hits you.
The fire elemental burns you!
10656 ||| DRINKING potion of heal wounds.
You feel much better. The fire elemental hits you.
The fire elemental burns you!
The fire elemental barely misses you. x2
You barely miss the fire elemental. You claw the fire elemental.
You destroy the fire elemental!
That felt strangely unrewarding.
The fire elemental closely misses you. The fire elemental hits you.
The fire elemental burns you!
You miss the fire elemental. Your claw misses the fire elemental.
The fire elemental misses you. The fire elemental hits you.
The fire elemental burns you!
You mangle the fire elemental!! Your claw misses the fire elemental.
The fire elemental is heavily damaged.
The fire elemental hits you. The fire elemental burns you!
The fire elemental closely misses you.
You scratch the fire elemental.
The fire elemental is severely damaged.
The fire elemental barely misses you.
You barely miss the fire elemental.
The fire elemental is severely damaged.
The fire elemental hits you. The fire elemental burns you!
You claw the fire elemental!
The fire elemental is almost destroyed.
The fire elemental barely misses you. x2
You scratch the fire elemental but do no damage.
The fire elemental is almost destroyed.
The fire elemental closely misses you. The fire elemental hits you.
The fire elemental burns you!
You die...

8.~....~8 .P#..
.#.###.#.~##..#. .....
~.##!##.~..##..# .....
.##. .#...#.#..#
....(. ~#W)
[.#..#.#..# ....#
.##...##..#l#..#
#....#
..##l#.....##..#
.....# .#W###.#~
##...##E..##
8.......8##..#..@...P#
#~.W.~..##..####E....#
##.###S##..##
.##.....# .##.YF##..##
## ####.. ..#####..##
. ....^...## .......##
.....P.# ....####


You could see a basilisk and 2 fire elementals.

Vanquished Creatures
  Josephine (Lair:4)
  A hydra (Lair:4)
  A catoblepas (Lair:4)
  3 elephants (Lair:4)
  5 cane toads
  3 black mambas
  2 komodo dragons
  A rime drake (Lair:2)
  2 tyrant leeches (Lair:2)
  Grinder (D:3)
  21 yaks
  4 wraiths (Lair:4)
  3 wyverns
  8 basilisks
  3 fire elementals (Lair:4)
  2 swamp worms (Lair:2)
  13 water moccasins
  5 orc warriors
  3 sky beasts
  An ice beast (D:5)
  4 ogres
  8 wolves
  A black bear (D:8)
  2 centaurs (D:7)
  2 phantoms
  11 bullfrogs
  6 scorpions
  2 necrophages
  11 wights (D:8)
  A howler monkey (D:5)
  11 orc priests
  4 hounds
  A jelly (D:6)
  3 iguanas
  6 orc wizards
  4 gnolls (D:2)
  8 adders
  An ufetubus (D:5)
  A worm (D:4)
  4 dart slugs
  58 orcs
  10 bats
  11 endoplasms
  A giant cockroach (D:1)
  7 goblins
  5 hobgoblins
  5 jackals
  6 quokkas
  5 ball pythons
  6 frilled lizards
  10 kobolds
  5 rats
303 creatures vanquished.

Vanquished Creatures (others)
  67 fungi
  55 plants
122 creatures vanquished.

Grand Total: 425 creatures vanquished

Notes
Turn   | Place    | Note
-------+----------+-------------------------------------------
     0 | D:1      | qw the Troll Cinder Acolyte began the quest for the Orb.
     0 | D:1      | Reached XP level 1. HP: 22/22 MP: 1/1
     0 | D:1      | 0 ||| qw: Version: 0.1-a-97-g2dd2ca4
     0 | D:1      | 0 ||| qw: Game counter: 4814
     0 | D:1      | 0 ||| qw: Always use a shield: true
     0 | D:1      | 0 ||| qw: God list: Okawaru
     0 | D:1      | 0 ||| qw: Allow faded altars: false
     0 | D:1      | 0 ||| qw: Do Orc after D:15 true
     0 | D:1      | 0 ||| qw: Do second Lair branch before Depths: true
     0 | D:1      | 0 ||| qw: Lair rune preference: random
     0 | D:1      | 0 ||| qw: Plans: Normal
     0 | D:1      | 0 ||| PLANNING D:1-11
   183 | D:1      | Found Mene's Book Shoppe.
   221 | D:1      | Reached XP level 2. HP: 29/29 MP: 2/2
   230 | D:1      | 230 ||| Stepping ~*~*~tactically~*~*~ (hiding).
   859 | D:1      | 859 ||| UPGRADING to +0 cloak.
   864 | D:1      | 864 ||| READING scroll labelled XEHUSE SIAVORUO.
   865 | D:1      | 865 ||| READING scroll labelled JOGRIT KAIKHOA.
   894 | D:2      | Reached skill level 4 in Unarmed Combat
   999 | D:2      | Reached XP level 3. HP: 27/36 MP: 3/3
  1022 | D:2      | 1022 ||| Stepping ~*~*~tactically~*~*~ (hiding).
  1024 | D:2      | 1024 ||| INVOKING Fiery Armour.
  1101 | D:2      | Reached XP level 4. HP: 44/44 MP: 4/4
  1123 | D:2      | 1123 ||| Stepping ~*~*~tactically~*~*~ (hiding).
  1134 | D:2      | Reached skill level 5 in Unarmed Combat
  1145 | D:2      | 1145 ||| Stepping ~*~*~tactically~*~*~ (hiding).
  1148 | D:2      | 1148 ||| Stepping ~*~*~tactically~*~*~ (hiding).
  1195 | D:2      | 1195 ||| Stepping ~*~*~tactically~*~*~ (stealth).
  1223 | D:2      | 1223 ||| Stepping ~*~*~tactically~*~*~ (stealth).
  1628 | D:2      | 1628 ||| READING scroll labelled BEURAE VOIXU.
  1645 | D:3      | Noticed Grinder
  1659 | D:3      | Killed Grinder
  1660 | D:3      | Reached skill level 7 in Unarmed Combat
  1660 | D:3      | Reached XP level 5. HP: 37/50 MP: 5/5
  1660 | D:3      | Reached XP level 6. HP: 43/59 MP: 6/6
  1738 | D:3      | 1738 ||| Stepping ~*~*~tactically~*~*~ (hiding).
  1740 | D:3      | 1740 ||| Stepping ~*~*~tactically~*~*~ (hiding).
  1901 | D:3      | Found Viodiuj's Distillery.
  1904 | D:3      | 1904 ||| Stepping ~*~*~tactically~*~*~ (stealth).
  1925 | D:3      | 1925 ||| SHOPLISTING 2 potions of mutation (192 gold, have
                  | 109).
  1925 | D:3      | 1925 ||| BUYING potion of curing (36 gold).
  1925 | D:3      | Bought a potion of curing for 36 gold pieces
  1925 | D:3      | 1925 ||| SHOPLISTING potion of haste (120 gold, have 73).
  1925 | D:3      | 1925 ||| BUYING potion of might (48 gold).
  1925 | D:3      | Bought a potion of might for 48 gold pieces
  1995 | D:3      | 1995 ||| Stepping ~*~*~tactically~*~*~ (hiding).
  2037 | D:3      | Found a snail-covered altar of Cheibriados.
  2257 | D:3      | 2257 ||| DROPPING orb of energy.
  2258 | D:3      | 2258 ||| READING scroll labelled GIYG GAOMADGH.
  2259 | D:3      | 2259 ||| READING scroll labelled HIHISU MUGHIG.
  2260 | D:3      | 2260 ||| READING scroll labelled KOYHOF XEARA.
  2261 | D:3      | 2261 ||| DRINKING 2 sedimented white potions.
  2262 | D:3      | 2262 ||| READING 4 scrolls of identify.
  2262 | D:3      | 2262 ||| IDENTIFYING fuming cyan potion
  2263 | D:3      | 2263 ||| DROPPING potion of lignification.
  2264 | D:3      | 2264 ||| DROPPING potion of magic.
  2265 | D:3      | 2265 ||| READING 2 scrolls of teleportation.
  2296 | D:4      | Found a staircase to the Ecumenical Temple.
  2332 | D:4      | 2332 ||| Stepping ~*~*~tactically~*~*~ (hiding).
  2333 | D:4      | 2333 ||| Stepping ~*~*~tactically~*~*~ (hiding).
  2358 | D:4      | 2358 ||| INVOKING Fiery Armour.
  2516 | D:4      | Reached skill level 8 in Unarmed Combat
  2520 | D:4      | Reached XP level 7. HP: 57/66 MP: 7/7
  2536 | D:4      | Reached skill level 3 in Fighting
  2611 | D:4      | 2611 ||| INVOKING Fiery Armour.
  2906 | D:4      | 2906 ||| READING scroll labelled KOOSAE NEATWIEWA.
  2907 | D:4      | 2907 ||| DRINKING 2 red potions.
  2916 | D:5      | Entered Level 5 of the Dungeon
  2934 | D:5      | Reached skill level 9 in Unarmed Combat
  2990 | D:5      | Reached skill level 1 in Dodging
  2995 | D:5      | 2995 ||| Stepping ~*~*~tactically~*~*~ (stealth).
  3046 | D:5      | Reached XP level 8. HP: 69/75 MP: 8/8
  3203 | D:5      | 3203 ||| Stepping ~*~*~tactically~*~*~ (stealth).
  3204 | D:5      | 3204 ||| FLEEEEING.
  3248 | D:5      | 3248 ||| Stepping ~*~*~tactically~*~*~ (stealth).
  3249 | D:5      | 3249 ||| Stepping ~*~*~tactically~*~*~ (stealth).
  3251 | D:5      | 3251 ||| Stepping ~*~*~tactically~*~*~ (stealth).
  3328 | D:5      | Reached skill level 10 in Unarmed Combat
  3508 | D:5      | Identified the +2 pair of boots of the Cuttlefish {rF+
                  | MP+9}
  3644 | D:5      | 3644 ||| Stepping ~*~*~tactically~*~*~ (stealth).
  3720 | D:5      | 3720 ||| Stepping ~*~*~tactically~*~*~ (hiding).
  3725 | D:5      | 3725 ||| Stepping ~*~*~tactically~*~*~ (outnumbered).
  3825 | D:5      | 3825 ||| UPGRADING to +4 ring of protection.
  3826 | D:5      | 3826 ||| DRINKING 2 murky clear potions.
  3826 | D:5      | Gained mutation: You are strong-willed. (Will+) [potion of
                  | mutation]
  3827 | D:5      | 3827 ||| READING 5 scrolls of identify.
  3827 | D:5      | 3827 ||| IDENTIFYING glowing white potion
  3828 | D:5      | 3828 ||| DROPPING potion of flight.
  3896 | D:6      | 3896 ||| Stepping ~*~*~tactically~*~*~ (hiding).
  3905 | D:6      | 3905 ||| INVOKING Fiery Armour.
  4340 | D:6      | Found a hazy altar of Hepliaklqana.
  4377 | D:6      | Reached skill level 11 in Unarmed Combat
  4830 | D:6      | 4830 ||| UPGRADING to +1 cloak.
  4840 | D:6      | 4840 ||| DROPPING +0 cloak.
  4841 | D:6      | 4841 ||| UPGRADING to scarf of repulsion.
  4851 | D:6      | 4851 ||| READING scroll labelled TUEPSUU EPPAU.
  4886 | D:7      | 4886 ||| Stepping ~*~*~tactically~*~*~ (outnumbered).
  4887 | D:7      | 4887 ||| Stepping ~*~*~tactically~*~*~ (outnumbered).
  4888 | D:7      | 4888 ||| INVOKING Fiery Armour.
  4889 | D:7      | 4889 ||| Stepping ~*~*~tactically~*~*~ (outnumbered).
  4890 | D:7      | 4890 ||| Stepping ~*~*~tactically~*~*~ (outnumbered).
  4891 | D:7      | 4891 ||| Stepping ~*~*~tactically~*~*~ (outnumbered).
  4892 | D:7      | 4892 ||| Stepping ~*~*~tactically~*~*~ (stealth).
  4894 | D:7      | 4894 ||| Stepping ~*~*~tactically~*~*~ (hiding).
  4897 | D:7      | 4897 ||| Stepping ~*~*~tactically~*~*~ (hiding).
  4903 | D:7      | Reached XP level 9. HP: 84/84 MP: 9/9
  5019 | D:7      | 5019 ||| Stepping ~*~*~tactically~*~*~ (stealth).
  5052 | D:7      | 5052 ||| Stepping ~*~*~tactically~*~*~ (hiding).
  5054 | D:7      | 5054 ||| Stepping ~*~*~tactically~*~*~ (hiding).
  5060 | D:7      | Reached skill level 12 in Unarmed Combat
  5060 | D:7      | 5060 ||| FLEEEEING.
  5061 | D:7      | 5061 ||| FLEEEEING.
  5062 | D:7      | 5062 ||| FLEEEEING.
  5063 | D:7      | 5063 ||| FLEEEEING.
  5064 | D:7      | 5064 ||| FLEEEEING.
  5065 | D:7      | 5065 ||| FLEEEEING.
  5066 | D:7      | 5066 ||| FLEEEEING.
  5094 | D:7      | Found a radiant altar of Vehumet.
  5197 | D:7      | 5197 ||| INVOKING Fiery Armour.
  5213 | D:7      | 5213 ||| Stepping ~*~*~tactically~*~*~ (stealth).
  5317 | D:7      | 5317 ||| READING scroll labelled TUNAPO ZIYTWIVUUSK.
  5451 | D:8      | 5451 ||| Stepping ~*~*~tactically~*~*~ (stealth).
  5487 | D:8      | 5487 ||| FLEEEEING.
  5488 | D:8      | 5488 ||| FLEEEEING.
  5489 | D:8      | 5489 ||| FLEEEEING.
  5490 | D:8      | 5490 ||| FLEEEEING.
  5491 | D:8      | 5491 ||| FLEEEEING.
  5492 | D:8      | 5492 ||| FLEEEEING.
  5493 | D:8      | 5493 ||| FLEEEEING.
  5494 | D:8      | 5494 ||| FLEEEEING.
  5495 | D:8      | 5495 ||| FLEEEEING.
  5496 | D:8      | 5496 ||| STAIRDANCE
  5535 | D:8      | 5535 ||| STAIRDANCE
  5562 | D:8      | 5562 ||| Stepping ~*~*~tactically~*~*~ (stealth).
  5566 | D:8      | 5566 ||| Stepping ~*~*~tactically~*~*~ (stealth).
  5571 | D:8      | 5571 ||| Stepping ~*~*~tactically~*~*~ (stealth).
  5574 | D:8      | 5574 ||| Stepping ~*~*~tactically~*~*~ (stealth).
  5575 | D:8      | 5575 ||| Stepping ~*~*~tactically~*~*~ (stealth).
  5582 | D:8      | 5582 ||| Stepping ~*~*~tactically~*~*~ (stealth).
  5583 | D:8      | 5583 ||| Stepping ~*~*~tactically~*~*~ (stealth).
  5614 | D:8      | 5614 ||| Stepping ~*~*~tactically~*~*~ (hiding).
  5623 | D:8      | 5623 ||| INVOKING Fiery Armour.
  5624 | D:8      | 5624 ||| Stepping ~*~*~tactically~*~*~ (outnumbered).
  5630 | D:8      | Reached skill level 1 in Throwing
  5720 | D:8      | 5720 ||| Stepping ~*~*~tactically~*~*~ (outnumbered).
  5721 | D:8      | 5721 ||| Stepping ~*~*~tactically~*~*~ (outnumbered).
  5726 | D:8      | 5726 ||| Stepping ~*~*~tactically~*~*~ (stealth).
  5737 | D:8      | Reached skill level 13 in Unarmed Combat
  5744 | D:8      | 5744 ||| Stepping ~*~*~tactically~*~*~ (stealth).
  5745 | D:8      | 5745 ||| Stepping ~*~*~tactically~*~*~ (stealth).
  5755 | D:8      | 5755 ||| INVOKING Fiery Armour.
  5757 | D:8      | 5757 ||| Stepping ~*~*~tactically~*~*~ (outnumbered).
  5763 | D:8      | Reached XP level 10. HP: 81/96 MP: 10/10
  5818 | D:8      | Found a staircase to the Lair.
  5823 | D:8      | 5823 ||| Stepping ~*~*~tactically~*~*~ (outnumbered).
  5824 | D:8      | 5824 ||| Stepping ~*~*~tactically~*~*~ (outnumbered).
  5825 | D:8      | 5825 ||| Stepping ~*~*~tactically~*~*~ (outnumbered).
  5826 | D:8      | 5826 ||| Stepping ~*~*~tactically~*~*~ (outnumbered).
  5827 | D:8      | 5827 ||| Stepping ~*~*~tactically~*~*~ (outnumbered).
  5828 | D:8      | Reached skill level 14 in Unarmed Combat
  5828 | D:8      | 5828 ||| Stepping ~*~*~tactically~*~*~ (outnumbered).
  5829 | D:8      | 5829 ||| Stepping ~*~*~tactically~*~*~ (outnumbered).
  5844 | D:8      | HP: 23/92 [water moccasin (5)]
  5845 | D:8      | 5845 ||| READING 3 scrolls of teleportation.
  5845 | D:8      | HP: 8/92 [water moccasin (6)]
  6026 | D:8      | 6026 ||| Stepping ~*~*~tactically~*~*~ (hiding).
  6179 | D:8      | 6179 ||| Stepping ~*~*~tactically~*~*~ (outnumbered).
  6182 | D:8      | 6182 ||| Stepping ~*~*~tactically~*~*~ (outnumbered).
  6183 | D:8      | 6183 ||| Stepping ~*~*~tactically~*~*~ (outnumbered).
  6184 | D:8      | 6184 ||| Stepping ~*~*~tactically~*~*~ (outnumbered).
  6185 | D:8      | 6185 ||| Stepping ~*~*~tactically~*~*~ (outnumbered).
  6186 | D:8      | 6186 ||| Stepping ~*~*~tactically~*~*~ (outnumbered).
  6187 | D:8      | 6187 ||| Stepping ~*~*~tactically~*~*~ (outnumbered).
  6207 | D:8      | Found a basalt altar of Yredelemnul.
  6406 | D:8      | Reached skill level 3 in Throwing
  6545 | D:8      | Found a sparkling altar of Nemelex Xobeh.
  6550 | D:8      | Found an opulent altar of Gozag.
  6644 | D:8      | 6644 ||| PLANNING LAIR
  6644 | D:8      | 6644 ||| UPGRADING to +1 robe of willpower.
  6654 | D:8      | 6654 ||| DROPPING +0 robe.
  6681 | Lair:1   | Entered Level 1 of the Lair of Beasts
  6706 | Lair:1   | Noticed a cane toad
  6715 | Lair:1   | Killed a cane toad
  6716 | Lair:1   | Reached skill level 6 in Fighting
  6839 | Lair:1   | 6839 ||| Stepping ~*~*~tactically~*~*~ (stealth).
  6842 | Lair:1   | 6842 ||| Stepping ~*~*~tactically~*~*~ (stealth).
  7086 | Lair:1   | 7086 ||| Stepping ~*~*~tactically~*~*~ (stealth).
  7327 | Lair:1   | Identified the +2 robe of the Fiddle {Harm Regen+ Dex-2
                  | Archmagi}
  7446 | Lair:1   | 7446 ||| READING scroll labelled QUAMPU JEITRAS.
  7447 | Lair:1   | 7447 ||| DRINKING 2 green potions.
  7448 | Lair:1   | 7448 ||| READING 4 scrolls of identify.
  7448 | Lair:1   | 7448 ||| IDENTIFYING pink potion
  7449 | Lair:1   | 7449 ||| DROPPING potion of degeneration.
  7567 | Lair:2   | Found a staircase to the Swamp.
  7568 | Lair:2   | 7568 ||| INVOKING Fiery Armour.
  7572 | Lair:2   | HP: 22/100 [swamp worm (6)]
  7573 | Lair:2   | 7573 ||| READING 2 scrolls of teleportation.
  7574 | Lair:2   | 7574 ||| DRINKING potion of heal wounds.
  7577 | Lair:2   | HP: 13/100 [tyrant leech (25)]
  7658 | Lair:2   | Noticed a black mamba
  7665 | Lair:2   | Killed a black mamba
  7666 | Lair:2   | Reached skill level 15 in Unarmed Combat
  7666 | Lair:2   | Reached XP level 11. HP: 81/106 MP: 11/11
  7709 | Lair:2   | 7709 ||| Stepping ~*~*~tactically~*~*~ (stealth).
  7713 | Lair:2   | 7713 ||| INVOKING Fiery Armour.
  7717 | Lair:2   | 7717 ||| Stepping ~*~*~tactically~*~*~ (outnumbered).
  7721 | Lair:2   | 7721 ||| Stepping ~*~*~tactically~*~*~ (outnumbered).
  7722 | Lair:2   | 7722 ||| Stepping ~*~*~tactically~*~*~ (outnumbered).
  7726 | Lair:2   | 7726 ||| Stepping ~*~*~tactically~*~*~ (outnumbered).
  7727 | Lair:2   | 7727 ||| Stepping ~*~*~tactically~*~*~ (outnumbered).
  7728 | Lair:2   | 7728 ||| Stepping ~*~*~tactically~*~*~ (outnumbered).
  7731 | Lair:2   | 7731 ||| Stepping ~*~*~tactically~*~*~ (outnumbered).
  7887 | Lair:2   | Found a hole to the Spider Nest.
  8077 | Lair:2   | 8077 ||| Stepping ~*~*~tactically~*~*~ (stealth).
  8080 | Lair:2   | 8080 ||| Stepping ~*~*~tactically~*~*~ (stealth).
  8082 | Lair:2   | 8082 ||| Stepping ~*~*~tactically~*~*~ (stealth).
  8094 | Lair:2   | 8094 ||| INVOKING Fiery Armour.
  8098 | Lair:2   | HP: 19/106 [tyrant leech (14)]
  8099 | Lair:2   | 8099 ||| READING scroll of teleportation.
  8405 | Lair:2   | 8405 ||| READING 2 scrolls labelled NARAOR VICE.
  8430 | Lair:3   | 8430 ||| STAIRDANCE
  8436 | Lair:3   | 8436 ||| STAIRDANCE
  8488 | Lair:3   | 8488 ||| STAIRDANCE
  8511 | Lair:3   | 8511 ||| STAIRDANCE
  8574 | Lair:3   | 8574 ||| Stepping ~*~*~tactically~*~*~ (stealth).
  8575 | Lair:3   | 8575 ||| Stepping ~*~*~tactically~*~*~ (stealth).
  8586 | Lair:3   | 8586 ||| Stepping ~*~*~tactically~*~*~ (stealth).
  8590 | Lair:3   | 8590 ||| Stepping ~*~*~tactically~*~*~ (stealth).
  8593 | Lair:3   | Reached skill level 16 in Unarmed Combat
  8611 | Lair:3   | 8611 ||| Stepping ~*~*~tactically~*~*~ (stealth).
  8612 | Lair:3   | 8612 ||| Stepping ~*~*~tactically~*~*~ (stealth).
  8690 | Lair:3   | 8690 ||| INVOKING Fiery Armour.
  8808 | Lair:3   | 8808 ||| Stepping ~*~*~tactically~*~*~ (stealth).
  8812 | Lair:3   | 8812 ||| Stepping ~*~*~tactically~*~*~ (stealth).
  8813 | Lair:3   | 8813 ||| Stepping ~*~*~tactically~*~*~ (stealth).
  8814 | Lair:3   | 8814 ||| Stepping ~*~*~tactically~*~*~ (stealth).
  8815 | Lair:3   | 8815 ||| Stepping ~*~*~tactically~*~*~ (stealth).
  8824 | Lair:3   | 8824 ||| FLEEEEING.
  8825 | Lair:3   | 8825 ||| FLEEEEING.
  8850 | Lair:3   | 8850 ||| PLANNING TEMPLE
  9040 | Temple   | Entered the Ecumenical Temple
  9041 | Temple   | 9041 ||| PLANNING CONVERSION TO OKAWARU
  9046 | Temple   | Fell from the grace of Ignis
  9046 | Temple   | Became a worshipper of Warmaster Okawaru
  9047 | Temple   | 9047 ||| PLANNING LAIR
  9850 | Lair:3   | 9850 ||| UPGRADING to ring of protection from fire.
  9874 | Lair:4   | 9874 ||| STAIRDANCE
  9905 | Lair:4   | Found a transporter.
  9914 | Lair:4   | 9914 ||| Stepping ~*~*~tactically~*~*~ (stealth).
  9933 | Lair:4   | 9933 ||| STAIRDANCE
  9989 | Lair:4   | 9989 ||| Stepping ~*~*~tactically~*~*~ (hiding).
  9990 | Lair:4   | 9990 ||| Stepping ~*~*~tactically~*~*~ (hiding).
 10008 | Lair:4   | Reached * piety under Okawaru
 10032 | Lair:4   | 10032 ||| INVOKING Heroism.
 10041 | Lair:4   | Reached skill level 1 in Invocations
 10050 | Lair:4   | 10050 ||| INVOKING Heroism.
 10051 | Lair:4   | HP: 27/109 [poisoned by a black mamba]
 10053 | Lair:4   | 10053 ||| FLEEEEING.
 10054 | Lair:4   | 10054 ||| FLEEEEING.
 10055 | Lair:4   | 10055 ||| FLEEEEING.
 10056 | Lair:4   | 10056 ||| FLEEEEING.
 10056 | Lair:4   | HP: 26/109 [poisoned by a black mamba]
 10057 | Lair:4   | 10057 ||| FLEEEEING.
 10058 | Lair:4   | 10058 ||| FLEEEEING.
 10059 | Lair:4   | 10059 ||| FLEEEEING.
 10060 | Lair:4   | 10060 ||| FLEEEEING.
 10061 | Lair:4   | 10061 ||| FLEEEEING.
 10062 | Lair:4   | 10062 ||| FLEEEEING.
 10063 | Lair:4   | 10063 ||| FLEEEEING.
 10066 | Lair:4   | 10066 ||| FLEEEEING.
 10067 | Lair:4   | 10067 ||| FLEEEEING.
 10073 | Lair:4   | 10073 ||| FLEEEEING.
 10074 | Lair:4   | 10074 ||| FLEEEEING.
 10075 | Lair:4   | 10075 ||| STAIRDANCE
 10140 | Lair:4   | Reached XP level 12. HP: 108/118 MP: 12/12
 10150 | Lair:4   | Found a transporter.
 10164 | Lair:4   | Noticed qw's ghost (journeyman TrCA)
 10190 | Lair:4   | Identified the +11 arbalest "Mafresil" {vorpal, Stlth+}
 10190 | Lair:4   | Noticed a four-headed hydra
 10191 | Lair:4   | 10191 ||| INVOKING Heroism.
 10197 | Lair:4   | Killed a six-headed hydra
 10228 | Lair:4   | Found a staircase to the Slime Pits.
 10288 | Lair:4   | Noticed a catoblepas
 10289 | Lair:4   | 10289 ||| Stepping ~*~*~tactically~*~*~ (hiding).
 10291 | Lair:4   | 10291 ||| INVOKING Heroism.
 10293 | Lair:4   | 10293 ||| Stepping ~*~*~tactically~*~*~ (cloud).
 10294 | Lair:4   | 10294 ||| Stepping ~*~*~tactically~*~*~ (cloud).
 10296 | Lair:4   | Killed a catoblepas
 10296 | Lair:4   | Reached ** piety under Okawaru
 10297 | Lair:4   | Reached skill level 17 in Unarmed Combat
 10297 | Lair:4   | Reached skill level 3 in Invocations
 10333 | Lair:4   | Noticed Josephine
 10334 | Lair:4   | 10334 ||| Stepping ~*~*~tactically~*~*~ (hiding).
 10335 | Lair:4   | 10335 ||| Stepping ~*~*~tactically~*~*~ (hiding).
 10340 | Lair:4   | Killed Josephine
 10347 | Lair:4   | 10347 ||| INVOKING Heroism.
 10458 | Lair:4   | 10458 ||| INVOKING Heroism.
 10654 | Lair:4   | 10654 ||| INVOKING Heroism.
 10655 | Lair:4   | HP: 28/118 [fire elemental[the fiery vengeance of Ignis]
                  | (11)]
 10656 | Lair:4   | 10656 ||| DRINKING potion of heal wounds.
 10661 | Lair:4   | HP: 5/118 [fire elemental[the fiery vengeance of Ignis]
                  | (12)]
 10663 | Lair:4   | Mangled by a fire elemental

Levels and vault maps discovered:
D:1:      minmay_arrival_split_and_join, layout_loops_ring, serial_shops, shop
D:2:      layout_loops_ring, chequers_serial_rivers_small_a,
          guppyfry_early_orc_mine
D:3:      layout_basic, lemuel_coloured_pillars_altar, serial_shops,
          shop_statue, uniq_grinder
D:4:      layout_rooms, minmay_temple_entry_junction_2
D:5:      layout_loops_corners
D:6:      layout_cave_pods, lemuel_doored_altar, hangedman_glass_teeth
D:7:      layout_cave_pools, nicolae_vehumet_altar_sigil
D:8:      layout_loops_cross, grunt_temple_overflow_opulence,
          mainiacjoe_overflow_tiny_flanked, due_lair_maze_entry_diamond,
          special_room [special_room_orc]
Temple:   eino_narrow_crystal_temple
Lair:1:   layout_chaotic_city, chequers_serial_rivers_small_3
Lair:2:   layout_loops_ring, minmay_swamp_entry_worms, dummy_spider_entry,
          chequers_serial_rivers_marsh
Lair:3:   layout_small_grid
Lair:4:   layout_cave_pods, slime_entry_1, nzn_ghost_randoct,
          kennysheep_basilisk_garden, lemuel_fruit_fields, uniq_josephine

Skill      XL: |  1  2  3  4  5  6  7  8  9 10 11 12 |
---------------+-------------------------------------+-----
Unarmed Combat | 4 7 8 9 11 13 15 16 17 | 17.1
Fighting       | 3 4 5 6 7 |  7.1
Dodging        | 1 2 |  2.0
Throwing       | 1 3 4 |  4.7
Invocations    | 2 4 |  4.0
Spellcasting   | |  1.0
Fire Magic     | |  2.1

Action                   |  1- 3 |  4- 6 |  7- 9 | 10-12 || total
-------------------------+-------+-------+-------+-------++-------
Melee: Unarmed           |    82 |   127 |   281 |   341 ||   831
       Punch             |     2 |     3 |    10 |    24 ||    39
Throw: Boomerang         |       |       |     3 |    17 ||    20
       Javelin           |       |       |       |    61 ||    61
Invok: Fiery Armour      |     1 |     1 |     6 |     4 ||    12
       Heroism           |       |       |       |     7 ||     7
  Use: Scroll            |     2 |     6 |     4 |     6 ||    18
       Potion            |       |     1 |     2 |     3 ||     6
Armor: Robe              |    29 |    33 |    90 |   104 ||   256
Dodge: Dodged            |    39 |    45 |    84 |   132 ||   300
       Repelled          |       |       |     2 |     1 ||     3

Table legend:
 A = Non-vault XP
 B = Vault XP
 C = Vault XP percentage of total XP
 D = Non-vault monster count
 E = Vault monster count
 F = Vault count percentage of total count
                 A         B        C        D         E       F
            +---------+---------+-------+---------+---------+-------
      Total |   20545 |    5468 |  21.0 |     249 |      51 |  17.0
            +---------+---------+-------+---------+---------+-------
        D:1 |      28 |       0 |   0.0 |      18 |       0 |   0.0
        D:2 |     109 |      17 |  13.5 |      27 |       7 |  20.6
        D:3 |      43 |     281 |  86.7 |      17 |       1 |   5.6
        D:4 |     652 |       0 |   0.0 |      32 |       0 |   0.0
        D:5 |     989 |       0 |   0.0 |      23 |       0 |   0.0
        D:6 |     582 |       0 |   0.0 |      12 |       0 |   0.0
        D:7 |    1225 |       3 |   0.2 |      19 |       1 |   5.0
        D:8 |    2457 |    1758 |  41.7 |      43 |      29 |  40.3
     Lair:1 |    2256 |       0 |   0.0 |      13 |       0 |   0.0
     Lair:2 |    3352 |     903 |  21.2 |      16 |       4 |  20.0
     Lair:3 |    2902 |       0 |   0.0 |      14 |       0 |   0.0
     Lair:4 |    5950 |    2506 |  29.6 |      15 |       9 |  37.5
            +---------+---------+-------+---------+---------+-------
